 Dungeon Crawl Stone Soup version 0.21-a0-531-gacddea6 (webtiles) character file.

13 slep the Chopper (level 2, -4/22 HPs)
             Began as a Demonspawn Gladiator on Dec 13, 2017.
             Slain by a goblin
             ... wielding a +0 dagger
             ... led by Robin
              (7 damage)
             ... on level 2 of the Dungeon.
             The game lasted 00:01:17 (536 turns).

slep the Chopper (Demonspawn Gladiator)              Turns: 536, Time: 00:01:19

Health: -4/22      AC:  4    Str: 14    XL:     2   Next: 24%
Magic:  2/2        EV: 13    Int:  9    God:
Gold:   30         SH:  0    Dex: 16    Spells: 1/1 levels left

rFire    . . .     SeeInvis .   a - +0 war axe
rCold    . . .     Gourm    .   (no shield)
rNeg     . . .     Faith    .   b - +0 leather armour
rPois    .         Spirit   .   c - +0 helmet
rElec    .         Reflect  .   (no cloak)
rCorr    .         Harm     .   (no gloves)
MR       .....                  (no boots)
Stlth    ++........             (no amulet)
HPRegen  0.07/turn              (no ring)
MPRegen  0.08/turn              (no ring)

@: no status effects
A: thin skeletal structure 1
a: no special abilities


You were on level 2 of the Dungeon.
You were not hungry.

You visited 1 branch of the dungeon, and saw 2 of its levels.

You collected 30 gold pieces.

Inventory:

Hand Weapons
 a - a +0 war axe (weapon)
Missiles
 d - 3 throwing nets (quivered)
Armour
 b - a +0 leather armour (worn)
 c - a +0 helmet (worn)
Scrolls
 g - 3 scrolls of remove curse {unknown}
 i - a scroll of amnesia {unknown}
 j - a scroll of identify {unknown}
Potions
 e - 3 potions of curing {unknown}
Comestibles
 f - 2 bread rations
 h - a royal jelly
 k - 3 fruits


   Skills:
 + Level 2.1 Fighting
 + Level 3.1 Axes
 + Level 1.8 Throwing
 + Level 2.8 Dodging


You had one spell level left.
You didn't know any spells.

Dungeon Overview and Level Annotations

Branches:
Dungeon (2/15)

Altars:

Annotations:
D:2 Robin


Innate Abilities, Weirdness & Mutations

You have a somewhat thin skeletal structure. (Dex +2, Stealth)


Message History

Robin is moderately wounded.
The goblin moves out of view.
Robin throws the goblin at you! The goblin hits you.
A goblin comes into view. It is wielding a dagger.
The hobgoblin misses you. Robin throws the goblin at you!
You see here a dagger.
You barely miss Robin.
Robin is moderately wounded.
You closely miss the hobgoblin. You hit the goblin. You slash the goblin!
You kill the goblin!
The goblin barely misses you. The hobgoblin hits you with a club.
* * * LOW HITPOINT WARNING * * *
Robin barely misses you. The goblin hits you with a dagger.
* * * LOW HITPOINT WARNING * * *
You hit Robin.
Robin is heavily wounded.
You hit the hobgoblin. You closely miss the goblin.
The hobgoblin closely misses you. Robin closely misses you.
The goblin hits you with a dagger!
You die...

#.# #.# #. #.# #. #.# #..
... ###.. #.# ...g.#g#
####..#@####..........
......g†g............
#######.####.........
#<...# #.... #.#..# #...#
#...## #...# ######.####
#...# #.........# #.#
...###≈###.########.#####


You could see Robin, a hobgoblin and a goblin.

Vanquished Creatures
  A giant cockroach (D:2)
  3 goblins (D:2)
  A hobgoblin (D:2)
  A kobold (D:1)
  2 frilled lizards
  5 rats
13 creatures vanquished.

Notes
Turn   | Place    | Note
-------+----------+-------------------------------------------
     0 | D:1      | slep the Demonspawn Gladiator began the quest for the Orb.
     0 | D:1      | Reached XP level 1. HP: 16/16 MP: 1/1
   525 | D:2      | Noticed Robin
   525 | D:2      | Reached skill level 3 in Axes
   526 | D:2      | Gained mutation: You have a somewhat thin skeletal structure. (Dex +2, Stealth) [demonic ancestry]
   526 | D:2      | Reached XP level 2. HP: 22/22 MP: 2/2
   536 | D:2      | Slain by a goblin

Vault maps used:
D:1:      minmay_arrival_split_and_join
D:2:      chequers_ecumenical_altar_simple, grunt_decor_cap, uniq_robin,
          uniq_terence

Skill      XL: |  1 |
---------------+----+-----
Axes           | 3 |  3.1
Fighting       | |  2.1
Throwing       | |  1.8
Dodging        | |  2.8

Action                   || total
-------------------------++-------
Melee: War axe           ||    26
Armor: Leather armour    ||     7
Dodge: Dodged            ||    15

Table legend:
 A = Spawn XP
 B = Non-spawn XP
 C = Spawn XP percentage of total XP
 D = Spawn monster count
 E = Non-spawn monster count
 F = Spawn count percentage of total count
 G = Total turns spent on level
                    A         B        C        D         E        F      G
               +---------+---------+-------+---------+---------+-------+---------
         Total |       0 |      19 |   0.0 |       0 |      13 |   0.0 |   536
               +---------+---------+-------+---------+---------+-------+---------
           D:1 |       0 |       5 |   0.0 |       0 |       4 |   0.0 |   435
           D:2 |       0 |      14 |   0.0 |       0 |       9 |   0.0 |   101
               +---------+---------+-------+---------+---------+-------+---------
